 Dungeon Crawl Stone Soup version 0.26-b1-45-g23770d1d51 (webtiles) character file.

Game seed: 1455791588058631780

226344 EnegeticOcto the Warrior (level 18, -2/121 (126) HPs)
             Began as a Minotaur Fighter on Jan 6, 2021.
             Was the Champion of Ru.
             Killed from afar by a hellephant (52 damage)
             ... with a blast of flame
             ... on level 4 of the Abyss.
             The game lasted 00:22:20 (27531 turns).

EnegeticOcto the Warrior (Minotaur Fighter)        Turns: 27531, Time: 00:22:20

HP:   -2/121 (126)  AC: 45    Str: 35      XL:     18   Next: 21%
MP:   11/17         EV:  6    Int: 10      God:    Ru [******]
Gold: 919           SH: 29    Dex:  9 (10) Spells: 17/17 levels left

rFire    . . .     SeeInvis .   a - +6 broad axe (protect)
rCold    + + .     Faith    .   G - +0 tower shield
rNeg     + + .     Spirit   .   Q - +8 orange crystal plate armour {Archmagi, Int+3 Clar}
rPois    .         Reflect  +   w - +2 hat
rElec    .         Harm     .   y - +2 cloak
rCorr    .         Rampage  .   J - +1 pair of gloves
Will     ++...     Clarity  +   q - +2 pair of boots {Fly} Stlth ..........Rnd*Tele +
                                e - amulet of reflection
HPRegen  0.00/turn              B - ring of Puoney {*Drain Will+ Str+8 Dex+2 Slay+6}
MPRegen  0.15/turn              D - ring of Dawn {rC++ rN++ Int+6}

@: exhausted, protection aura, flying, lightly drained
A: retaliatory headbutt, horns 2, clumsy 2, deformed body, dopey 2, frail 3,
inhibited regeneration, teleportitis 2, wild magic 1, no potion heal 1, [subdued
magic 2], no stealth, inability to use devices, hated by all, inability to train
dodging, no earth magic, no hexes magic, no necromancy magic, disrupted magic 1
}: 2/15 runes: serpentine, barnacled
a: Stop Flying, Renounce Religion, Draw Out Power, Power Leap, Apocalypse


You were on level 4 of the Abyss.
You worshipped Ru.
Ru was exalted by your worship.
You visited 6 branches of the dungeon, and saw 30 of its levels.
You visited the Abyss 2 times.
You also visited: Ossuary and Gauntlet.

You collected 3777 gold pieces.
You spent 2858 gold pieces at shops.

Inventory:

Hand Weapons
 a - a +6 broad axe of protection (weapon)
 b - a +2 hand axe of flaming
 n - a +1 short sword of distortion
 A - a +1 war axe of venom
Missiles
 F - 2 throwing nets (quivered)
Armour
 c - a +0 kite shield
 g - a +1 plate armour of fire resistance
 q - a +2 pair of boots of flying (worn)
 w - a +2 hat (worn)
 y - a +2 cloak (worn)
 G - a +0 tower shield (worn)
 J - a +1 pair of gloves (worn)
 Q - the +8 orange crystal plate armour (worn) {Archmagi, Int+3 Clar}
   (You acquired it on level 2 of the Snake Pit)

   It affects your intelligence (+3).
   It protects you against confusion.
Jewellery
 e - an amulet of reflection (around neck)
 i - an uncursed ring of see invisible
 l - an uncursed ring of poison resistance
 o - an uncursed amulet of regeneration
 x - an uncursed ring of protection from cold
 B - the ring of Puoney (left hand) {*Drain Will+ Str+8 Dex+2 Slay+6}
   (You found it in a Gauntlet)

   [ring of willpower]

   It affects your strength (+8).
   It affects your dexterity (+2).
   It affects your accuracy and damage with ranged weapons and melee attacks
   (+6).
   It affects your willpower, your defense against some magical effects.
   It causes draining when unequipped.
 D - the ring of Dawn (right hand) {rC++ rN++ Int+6}
   (You acquired it on level 4 of the Abyss)

   [ring of intelligence]

   It affects your intelligence (+6).
   It greatly protects you from cold.
   It greatly protects you from negative energy.
 L - an uncursed ring of willpower {unknown}
Scrolls
 f - 6 scrolls of blinking {@r4}
 j - 6 scrolls of teleportation {@r3}
 k - 11 scrolls of remove curse {@r2}
 m - 9 scrolls of magic mapping {@r5}
 p - a scroll of fear
 s - 5 scrolls of fog
 H - 2 scrolls of holy word
 K - a scroll of immolation
 M - a scroll of summoning
 N - 2 scrolls of silence
 P - 3 scrolls of torment
Potions
 d - 3 potions of might {@q3}
 h - 5 potions of attraction
 r - 10 potions of curing {@q1}
 t - a potion of invisibility
 u - 6 potions of heal wounds {@q2}
 v - 3 potions of ambrosia
 z - 3 potions of magic
 C - 5 potions of haste {@q4}
 I - 4 potions of mutation
 O - 4 potions of resistance {@q5}


   Skills:
 * Level 20.6 Fighting
 - Level 20.0 Axes
 + Level 17.8 Armour
 + Level 17.8 Shields


You had 17 spell levels left.
You didn't know any spells.
Your spell library was empty.

Dungeon Overview and Level Annotations

Branches:
Dungeon (15/15)            Temple (1/1) D:4            Lair (4/6) D:8
 Shoals (4/4) Lair:4        Snake (4/4) Lair:4          Orc (2/2) D:10
    Elf (0/3) Orc:2        Vaults (0/5) D:14         Depths (0/5) D:15
Ossuary (visited)         Gauntlet (visited)

Altars:
Dithmenos
Ru
Xom
Zin
The Shining One
Beogh

Shops:
D:15 =   Orc:2 [[((   Shoals:1 *   Snake:2 !!!(

Annotations:
D:7 1 runed translucent door, DungeonDestroyer's ghost, novice DgFi
Lair:3 1 runed translucent door, Quickbrownfox's ghost, journeyman MiMo
Snake:4 lasso's ghost, adept MiFi


Innate Abilities, Weirdness & Mutations

You reflexively headbutt those who attack you in melee.
You have a pair of horns on your head.
You cannot be stealthy.
You cannot study or use magical devices.
You are hated by all.
You cannot train Dodging skill.
You cannot study or cast Earth magic.
You cannot study or cast Hexes magic.
You cannot study or cast Necromancy magic.
Your casting is slightly disrupted.
You are very clumsy. (Dex -4)
Armour fits poorly on your strangely shaped body.
You are very dopey. (Int -4)
You are extremely frail. (-30% HP)
You do not regenerate when monsters are visible.
You are sometimes teleported next to monsters.
Your spells are a little harder to cast, but a little more powerful.
Potions are less effective at restoring your health.
[Your spells are easier to cast, but less powerful.]


Message History

No target in view!
No target in view!
No target in view!
No target in view!
No target in view!
No target in view!
Autopickup is now off.
A hellephant comes into view.
A hellephant is nearby!
A hellephant is nearby!
The hellephant blinks!
A raiju comes into view.
A large abomination and a raiju come into view.
The raiju barks!
You hear a bark!
An ancient zyme comes into view.
You slice the hellephant!!
Your weapon exudes an aura of protection.
The hellephant is lightly wounded.
The raiju begins to attack, but is stunned by your conviction!
The hellephant tramples you!
You are shoved backwards!
You slice the hellephant!! Your headbutt misses the hellephant.
The hellephant is moderately wounded.
The hellephant is stunned by your conviction and fails to attack.
You slice the hellephant!!
The hellephant is heavily wounded.
The raiju begins to attack, but is stunned by your conviction!
You slice the hellephant!! You headbutt the hellephant.
The hellephant is severely wounded.
The hellephant tramples you!!
You hold your ground!
You block the hellephant's attack. x2
A raiju comes into view.
You hit the hellephant but do no damage.
You headbutt the hellephant.
The hellephant is severely wounded.
You closely miss the raiju. The hellephant breathes flames at you.
The blast of flame hits you!!!
The raiju bursts into living lightning!
The living lightning hits you.
The raiju blinks!
You are too injured to fight recklessly!
You are too injured to fight recklessly!
You are too injured to fight recklessly!
You are too injured to fight recklessly!
You are too injured to fight recklessly!
You are too injured to fight recklessly!
You are too injured to fight recklessly!
You are too injured to fight recklessly!
You are too injured to fight recklessly!
You are too injured to fight recklessly!
You are too injured to fight recklessly!
You are restored by drawing out deep reserves of power within.
You feel drained. You block the hellephant's attack. x2
The hellephant gores you but does no damage.
An eye of draining comes into view.
The eye of draining turns its gaze towards you.
You cut the hellephant into ribbons!!!
The hellephant is almost dead.
You slash the raiju!
The hellephant blinks!
You slice the raiju!!
The raiju is almost dead.
You hit the large abomination. You hit the raiju. You block the raiju's attack.
You cut the raiju into ribbons!!!
You kill the raiju!
You barely miss the large abomination. You slice the raiju!!
The raiju bursts into living lightning!
The living lightning hits you! The living lightning misses you.
The living lightning hits the ancient zyme!
The raiju blinks!
The eye of draining gazes at you.
You feel your power leaking away.
The large abomination hits you but does no damage.
You feel the corruption within you wane somewhat.
You feel more energetic.
Your connection to magic feels less subdued.
Your orange crystal plate armour prevents you from hitting the ancient zyme.
The ancient zyme is lightly damaged.
You hit the large abomination. You slash the ancient zyme!
Your headbutt misses the ancient zyme.
The ancient zyme is heavily damaged.
You hit the large abomination. You block the ancient zyme's attack. x2
You redirect the raiju's attack!
You block the large abomination's attack.
You redirect the hellephant's attack!
You cut the ancient zyme into ribbons!!!
You destroy the ancient zyme!
You slash the large abomination!
The raiju bursts into living lightning!
The living lightning hits you.
The raiju blinks!
You slice the raiju!!
You kill the raiju!
You slice the raiju!!
You hit the large abomination but do no damage.
You block the large abomination's attack.
The raiju bursts into living lightning!
The living lightning hits you. x2; The raiju blinks!
You barely miss the large abomination. You headbutt the large abomination!
The large abomination is heavily damaged.
The hellephant breathes flames at you. The blast of flame hits you!!!
You die...

.....## #... . #
.#... . #
##...#. ##
##....... # # #
# ..##..#
..#..#...## ..#
#...###h.# #
..#....#§## . #
#Y..@#
#...§X....#
#....#..###....#
##. ###. ..## #
. #.. # .


You could see a hellephant (catching breath), a large abomination and a raiju.

Vanquished Creatures
  Nikola (Shoals:3)
  2 tentacled starspawn (Abyss:4)
  Ilsuiw (Shoals:2)
  Louise (Shoals:2)
  7 nagarajas (Snake:4)
  A cacodemon (Abyss:4)
  A stone giant (Orc:2)
  A very ugly thing (Abyss:4)
  A juggernaut skeleton (D:15)
  A minotaur (Gauntlet)
  5 merfolk javelineers
  10 merfolk impalers
  Fannar (D:12)
  13 naga warriors
  A boulder beetle (D:11)
  The ghost of Icreabex the Spear-Bearer, a journeyman MfSk of Ashenzari (D:10)
  8 vault guards (D:14)
  5 hydras
  2 merfolk avatars
  3 merfolk aquamancers
  2 centaur warriors (D:13)
  5 anacondas
  A death knight (D:14)
  2 two-headed ogres
  3 death yaks (Lair:3)
  4 alligator snapping turtles
  A vampire mage (Abyss:4)
  A satyr (Shoals:2)
  An orc high priest (Orc:2)
  6 thrashing horrors
  19 naga sharpshooters
  8 shock serpents
  Urug (Lair:4)
  5 wretched stars
  A fire crab (Gauntlet)
  8 skeletal warriors
  2 salamander mystics
  2 sixfirhies (Abyss:4)
  A spark wasp zombie (D:15)
  2 wizards
  17 sea snakes
  An unseen horror (D:14)
  7 naga ritualists
  A phantasmal warrior (D:15)
  8 harpies
  A necromancer (D:15)
  3 orc knights
  19 ugly things
  10 fauns
  12 mana vipers
  A shadow dragon skeleton (D:15)
  8 cyclopes
  2 deep elf magi
  4 salamanders
  7 orc sorcerers
  7 manticores
  Maurice (D:10)
  The ghost of mojasp the Stinger, a novice OpVM (D:6)
  A worldbinder (Abyss:4)
  3 guardian serpents
  10 merfolk sirens
  20 black mambas
  2 water nymphs
  2 smoke demons (Abyss:4)
  22 naga magi
  A gargoyle (D:12)
  3 cane toads
  A cane toad (shapeshifter) (D:14)
  An apocalypse crab (Abyss:4)
  3 rime drakes
  3 komodo dragons
  A yaktaur (D:15)
  A redback zombie (D:14)
  A freezing wraith (D:14)
  4 kobold demonologists
  An ice devil (Abyss:3)
  4 ancient zymes
  19 merfolk
  3 trolls
  4 wind drakes
  7 polar bears (Lair:3)
  6 raiju
  14 blink frogs
  A harpy zombie (D:15)
  2 slime creatures
  8 snapping turtles
  5 dream sheep
  An ettin zombie (D:15)
  An ice dragon zombie (Abyss:4)
  2 shadows
  2 centaur simulacra
  3 water elementals
  4 starcursed masses (Abyss:4)
  4 basilisks
  A vampire (D:10)
  A ynoxinul (Abyss:5)
  3 wraiths
  32 yaks
  7 fire bats
  4 wyverns
  A steam dragon (D:9)
  3 large abominations
  Edmund (D:5)
  3 wargs
  32 nagas
  3 swamp worms (Gauntlet)
  An acid dragon (shapeshifter) (D:13)
  An acid dragon (D:14)
  A soldier ant (D:14)
  11 water moccasins
  A small abomination (Abyss:4)
  5 ice beasts
  24 orc warriors
  10 black bears
  2 eyes of draining
  A necrophage (D:5)
  4 sky beasts
  2 phantoms
  7 ogres
  6 centaurs
  13 big kobolds
  4 elf zombies (Ossuary)
  16 bullfrogs
  3 elf skeletons (D:8)
  A water moccasin zombie (D:9)
  4 scorpions
  2 wyvern skeletons (D:14)
  6 killer bees
  16 wights
  7 howler monkeys
  2 electric eels
  6 centaur zombies
  3 human zombies (Ossuary)
  A bullfrog zombie (D:9)
  3 hounds
  A jelly (D:12)
  4 bullfrog skeletons
  A gnoll shaman (D:4)
  An iron imp (Abyss:4)
  33 orc wizards
  4 centaur skeletons
  5 iguanas
  25 orc priests
  Jessica (D:3)
  2 human skeletons (D:8)
  14 worker ants
  3 bullfrog simulacra (Gauntlet)
  A hound zombie (D:5)
  2 mummies (Ossuary)
  10 adders
  5 gnolls (D:4)
  A howler monkey skeleton (D:10)
  A shadow imp (D:5)
  2 white imps
  2 ufetubi
  An ooze (D:1)
  2 adder skeletons (D:9)
  4 adder zombies
  2 worms
  3 dart slugs
  3 leopard geckos
  81 orcs
  A ball python (D:4)
  4 giant cockroaches
  8 goblins
  8 hobgoblins
  16 jackals
  13 kobolds
  4 quokkas
  8 bats
  8 frilled lizards
  A goblin zombie (Ossuary)
  10 hobgoblin zombies (Ossuary)
  A jackal skeleton (D:8)
  A jackal zombie (D:8)
  7 kobold zombies (Ossuary)
  An orc skeleton (D:8)
  7 orc zombies (Ossuary)
  2 quokka skeletons
  9 rats
  A rat zombie (Ossuary)
  A bush (Lair:3)
  2 lurking horrors (Abyss:4)
1002 creatures vanquished.

Vanquished Creatures (others)
  A tentacled starspawn (Abyss:4)
  A draconian scorcher (Abyss:4)
  A merfolk aquamancer (Shoals:1)
  A two-headed ogre (D:14)
  A thrashing horror (Abyss:4)
  A faun (Shoals:2)
  A naga mage (Snake:1)
  A cane toad (Lair:2)
  A hornet (D:13)
  A tyrant leech (Gauntlet)
  A wyvern (Lair:4)
  2 nagas
  2 orc warriors
  A bullfrog (D:14)
  A cane toad simulacrum (Gauntlet)
  An orc wizard (D:7)
  A worker ant (D:6)
  2 orcs
  3 bushes (Abyss:5)
  9 demonic plants (Abyss:5)
  13 fungi
  88 plants
  3 starspawn tentacles (Abyss:4)
  6 withered plants
143 creatures vanquished.

Grand Total: 1145 creatures vanquished

Notes
Turn   | Place    | Note
-------+----------+-------------------------------------------
     0 | D:1      | EnegeticOcto the Minotaur Fighter began the quest for the
                  | Orb.
     0 | D:1      | Reached XP level 1. HP: 19/19 MP: 0/0
   252 | D:1      | Reached XP level 2. HP: 27/27 MP: 1/1
   610 | D:2      | You fall into a shaft and drop 1 floor!
   702 | D:3      | Noticed Jessica
   711 | D:3      | Reached XP level 3. HP: 33/33 MP: 2/2
   713 | D:3      | Killed Jessica
   877 | D:2      | Reached XP level 4. HP: 40/40 MP: 3/3
  1502 | D:3      | Noticed a phantom
  1522 | D:3      | Killed a phantom
  1523 | D:3      | Reached XP level 5. HP: 34/47 MP: 4/4
  1793 | D:3      | Reached skill level 5 in Axes
  1941 | D:4      | Found a staircase to the Ecumenical Temple.
  1941 | D:4      | Noticed an ogre
  1946 | D:4      | Killed an ogre
  1947 | D:4      | Reached XP level 6. HP: 55/55 MP: 5/5
  1949 | Temple   | Entered the Ecumenical Temple
  1958 | Temple   | Became a worshipper of Ru the Awakened
  1974 | D:4      | Reached skill level 5 in Fighting
  1974 | D:4      | Reached skill level 5 in Armour
  1974 | D:4      | Reached skill level 5 in Shields
  2362 | D:4      | Noticed an ice beast
  2370 | D:4      | Killed an ice beast
  2371 | D:4      | Reached XP level 7. HP: 61/61 MP: 6/6
  2842 | D:5      | Entered Level 5 of the Dungeon
  3124 | D:5      | Found a glowing silver altar of Zin.
  3281 | D:5      | Reached XP level 8. HP: 67/70 MP: 7/7
  3297 | D:5      | Gained mutation: You cannot study or use magical devices.
                  | [Ru sacrifice]
  3297 | D:5      | Reached * piety under Ru
  3297 | D:5      | Reached ** piety under Ru
  3310 | D:5      | Noticed Edmund
  3322 | D:5      | Killed Edmund
  4184 | D:6      | Found a runed translucent gate.
  4184 | D:6      | Found a runed translucent gate.
  4184 | D:6      | Noticed mojasp's ghost (novice OpVM)
  4185 | D:6      | Found a roughly hewn altar of Beogh.
  4185 | D:6      | Found a runed translucent gate.
  4587 | D:6      | Killed mojasp's ghost
  4588 | D:6      | Reached XP level 9. HP: 55/79 MP: 8/8
  4852 | D:7      | Found a runed translucent door.
  4852 | D:7      | Found a shimmering altar of Xom.
  4852 | D:7      | Noticed DungeonDestroyer's ghost (novice DgFi)
  4853 | D:7      | Noticed a +1 quarterstaff of chaos
  5008 | D:7      | Reached skill level 10 in Axes
  5413 | D:8      | Noticed a two-headed ogre
  5421 | D:8      | Killed a two-headed ogre
  5585 | D:8      | Found a staircase to the Lair.
  5680 | D:8      | Gained mutation: You are hated by all. [Ru sacrifice]
  5680 | D:8      | Reached *** piety under Ru
  5721 | D:8      | Reached XP level 10. HP: 90/90 MP: 9/9
  6002 | D:8      | Found a sand-covered staircase.
  6012 | Ossuary  | Entered an ossuary
  7072 | D:9      | Gained mutation: You cannot train Dodging skill. [Ru
                  | sacrifice]
  7072 | D:9      | Reached **** piety under Ru
  7353 | D:10     | Entered Level 10 of the Dungeon
  7386 | D:10     | Noticed Maurice
  7397 | D:10     | Killed Maurice
  7897 | D:10     | Reached XP level 11. HP: 90/98 MP: 10/10
  7937 | D:10     | Noticed a two-headed hydra
  7964 | D:10     | Killed a one-headed hydra
  7965 | D:10     | Reached skill level 10 in Fighting
  7965 | D:10     | Reached skill level 10 in Armour
  7965 | D:10     | Reached skill level 10 in Shields
  8129 | D:10     | Paralysed by an orc for 5 turns
  8157 | D:10     | Found a staircase to the Orcish Mines.
  8289 | D:10     | Found a runed translucent gate.
  8290 | D:10     | Found a runed translucent gate.
  8291 | D:10     | Found a runed translucent gate.
  8295 | D:10     | Noticed Icreabex's ghost (journeyman MfSk)
  8295 | D:10     | Identified the cursed +3 whip of Glamorous Optimality
                  | {drain, Int+3 Dex+4}
  8555 | D:10     | Gained mutation: Your casting is slightly disrupted. [Ru
                  | sacrifice]
  8555 | D:10     | Reached ***** piety under Ru
  8752 | D:10     | Killed Icreabex's ghost
  8848 | Orc:1    | Entered Level 1 of the Orcish Mines
  8848 | Orc:1    | Noticed an orc knight
  8848 | Orc:1    | Noticed an orc sorcerer
  8849 | Orc:1    | Killed an orc sorcerer
  8849 | Orc:1    | Killed an orc knight
  8982 | Orc:1    | Found a roughly hewn altar of Beogh.
  9116 | Orc:1    | Noticed an orc knight
  9129 | Orc:1    | Killed an orc knight
  9612 | Orc:2    | Entered Level 2 of the Orcish Mines
  9612 | Orc:2    | Noticed an orc sorcerer
  9633 | Orc:2    | Paralysed by an orc sorcerer for 5 turns
  9635 | Orc:2    | Killed an orc sorcerer
  9667 | Orc:2    | Noticed a stone giant
  9938 | Orc:2    | Killed a stone giant
  9939 | Orc:2    | Reached XP level 12. HP: 93/110 MP: 11/11
 10147 | Orc:2    | Gained mutation: You cannot study or cast Earth magic. [Ru
                  | sacrifice]
 10147 | Orc:2    | Gained mutation: You cannot study or cast Hexes magic. [Ru
                  | sacrifice]
 10147 | Orc:2    | Gained mutation: You cannot study or cast Necromancy magic.
                  | [Ru sacrifice]
 10639 | Orc:2    | Found a staircase to the Elven Halls.
 10640 | Orc:2    | Paralysed by an orc sorcerer for 5 turns
 10729 | Orc:2    | Reached skill level 15 in Axes
 10888 | Orc:2    | Noticed an orc high priest
 10900 | Orc:2    | Killed an orc high priest
 10979 | Orc:2    | Found Coobb's Antique Weapon Boutique.
 10979 | Orc:2    | Found Xeutiona's Antique Weapon Boutique.
 10980 | Orc:2    | Found Focoi's Antique Armour Shop.
 10983 | Orc:2    | Found Toigaku's Antique Armour Shop.
 10990 | Orc:2    | Bought a runed war axe for 266 gold pieces
 10995 | Orc:2    | Bought a pair of glowing boots for 307 gold pieces
 11854 | D:11     | Noticed a boulder beetle
 11865 | D:11     | Killed a boulder beetle
 12064 | D:11     | Noticed a two-headed ogre
 12070 | D:11     | Killed a two-headed ogre
 12091 | D:11     | Gained mutation: You cannot be stealthy. [Ru sacrifice]
 12091 | D:11     | Reached ****** piety under Ru
 12485 | D:12     | Noticed Fannar
 12502 | D:12     | Killed Fannar
 12735 | D:12     | Reached XP level 13. HP: 118/118 MP: 12/12
 13113 | D:12     | You are sucked into a shaft and drop 2 floors!
 14718 | D:14     | Found a gate to the Vaults.
 14985 | D:14     | Identified the cursed +0 plate armour of Iwnuf {rN+ Regen+
                  | Int+8 Dex-3} (You found it on level 14 of the Dungeon)
 15377 | D:13     | Reached XP level 14. HP: 123/129 MP: 13/13
 15948 | Lair:1   | Entered Level 1 of the Lair of Beasts
 15980 | Lair:1   | Found a gate leading to a gauntlet.
 15988 | Gauntlet | Entered a Gauntlet
 15988 | Gauntlet | Found a transporter.
 15988 | Gauntlet | Found a transporter.
 15988 | Gauntlet | Found a transporter.
 15997 | Gauntlet | Found a transporter.
 16011 | Gauntlet | Found a transporter.
 16013 | Gauntlet | Found a transporter.
 16020 | Gauntlet | Found a runed translucent door.
 16023 | Gauntlet | Found a transporter.
 16024 | Gauntlet | Found a transporter.
 16040 | Gauntlet | Found a transporter.
 16113 | Gauntlet | Identified a scroll of acquirement
 16115 | Gauntlet | Acquired a +3 vorpal broad axe
 16344 | Gauntlet | Got a vibrating amber ring
 16345 | Gauntlet | Identified the ring of Puoney {*Drain Will+ Str+8 Dex+2
                  | Slay+6} (You found it in a Gauntlet)
 17372 | Lair:3   | Found a runed translucent door.
 17372 | Lair:3   | Noticed Quickbrownfox's ghost (journeyman MiMo)
 18498 | Lair:4   | Found a staircase to the Shoals.
 18556 | Lair:4   | Found a staircase to the Snake Pit.
 18632 | Lair:4   | Noticed Urug
 18648 | Lair:4   | Killed Urug
 19631 | D:15     | Entered Level 15 of the Dungeon
 19692 | D:15     | Found Beblax's Jewellery Shop.
 19838 | D:15     | Found a staircase to the Depths.
 20043 | D:15     | Reached XP level 15. HP: 139/139 MP: 14/14
 20313 | D:15     | Found a sacrificial altar of Ru.
 20498 | D:15     | Found a glowing golden altar of the Shining One.
 20801 | D:15     | Reached skill level 15 in Fighting
 21193 | D:15     | Acquired 1212 gold pieces
 21527 | Shoals:1 | Entered Level 1 of the Shoals
 21692 | Shoals:1 | Found Pthe's Practical Paraphernalia.
 21822 | Shoals:1 | Bought an uncursed ring of poison resistance for 400 gold
                  | pieces
 21858 | Shoals:2 | Noticed Ilsuiw
 21878 | Shoals:2 | Killed Ilsuiw
 21904 | Shoals:2 | Reached skill level 15 in Armour
 21905 | Shoals:2 | Reached skill level 15 in Shields
 22148 | Shoals:2 | Reached XP level 16. HP: 67/145 MP: 15/15
 22287 | Shoals:2 | Noticed Louise
 22301 | Shoals:2 | Killed Louise
 22646 | Shoals:3 | Noticed Nikola
 22655 | Shoals:3 | Killed Nikola
 22917 | Shoals:4 | Entered Level 4 of the Shoals
 23163 | Shoals:4 | Got a barnacled rune of Zot
 23320 | Snake:1  | Entered Level 1 of the Snake Pit
 24103 | Snake:2  | Found Vyapetie's Antique Weapon Shop.
 24139 | Snake:2  | Found Zoyvual's Distillery.
 24143 | Snake:2  | Found Tilaaxt's Distillery.
 24144 | Snake:2  | Found Sicwur's Distillery.
 24147 | Snake:2  | Bought a potion of heal wounds for 85 gold pieces
 24147 | Snake:2  | Bought a potion of resistance for 170 gold pieces
 24147 | Snake:2  | Bought a potion of curing for 51 gold pieces
 24147 | Snake:2  | Bought a potion of heal wounds for 85 gold pieces
 24147 | Snake:2  | Bought a potion of mutation for 136 gold pieces
 24149 | Snake:2  | Bought a potion of might for 56 gold pieces
 24149 | Snake:2  | Bought 2 potions of haste for 280 gold pieces
 24149 | Snake:2  | Bought a potion of haste for 140 gold pieces
 24149 | Snake:2  | Bought a potion of resistance for 140 gold pieces
 24149 | Snake:2  | Bought 2 potions of heal wounds for 140 gold pieces
 24149 | Snake:2  | Bought a potion of resistance for 140 gold pieces
 24151 | Snake:2  | Bought a potion of curing for 63 gold pieces
 24151 | Snake:2  | Bought a potion of might for 84 gold pieces
 24151 | Snake:2  | Bought a potion of resistance for 210 gold pieces
 24151 | Snake:2  | Bought a potion of heal wounds for 105 gold pieces
 24157 | Snake:2  | Acquired the +8 orange crystal plate armour {Archmagi,
                  | Int+3 Clar}
 24158 | Snake:2  | Found the +8 orange crystal plate armour {Archmagi, Int+3
                  | Clar}
 24429 | Snake:2  | Reached XP level 17. HP: 164/166 MP: 16/16
 25346 | Snake:4  | Entered Level 4 of the Snake Pit
 25749 | Snake:4  | Noticed a hellephant
 25749 | Snake:4  | Noticed lasso's ghost (adept MiFi)
 26145 | Snake:4  | Got a serpentine rune of Zot
 26608 | D:8      | Gained mutation: Your spells are a little harder to cast,
                  | but a little more powerful. [mutagenic glow]
 26672 | D:8      | Cast into level 3 of the Abyss (unwielding a weapon of
                  | distortion)
 26672 | Abyss:3  | Found a corrupted altar of Lugonu.
 26675 | Abyss:3  | Noticed a tentacled monstrosity
 26679 | Abyss:3  | Gained mutation: Armour fits poorly on your strangely
                  | shaped body. [mutagenic glow]
 26696 | Abyss:3  | Gained mutation: You are occasionally teleported next to
                  | monsters. [mutagenic glow]
 26705 | Abyss:3  | Gained mutation: You are dopey. (Int -2) [mutagenic glow]
 26712 | Abyss:3  | Gained mutation: You are frail. (-10% HP) [mutagenic glow]
 26741 | Abyss:4  | Acquired the ring of Dawn {rC++ rN++ Int+6}
 26769 | Abyss:4  | Found a corrupted altar of Lugonu.
 26836 | Abyss:4  | Gained mutation: You are clumsy. (Dex -2) [a cacodemon]
 26939 | Abyss:4  | Reached XP level 18. HP: 93/160 MP: 17/17
 26946 | Abyss:5  | Entered Level 5 of the Abyss
 27122 | D:8      | Escaped the Abyss
 27148 | D:8      | Gained mutation: You are very frail. (-20% HP) [mutagenic
                  | glow]
 27158 | D:8      | Cast into level 4 of the Abyss (unwielding a weapon of
                  | distortion)
 27172 | Abyss:4  | Gained mutation: You are very dopey. (Int -4) [mutagenic
                  | glow]
 27181 | Abyss:4  | Gained mutation: You are very clumsy. (Dex -4) [mutagenic
                  | glow]
 27201 | Abyss:4  | Gained mutation: You are sometimes teleported next to
                  | monsters. [mutagenic glow]
 27209 | Abyss:4  | Gained mutation: You do not regenerate when monsters are
                  | visible. [mutagenic glow]
 27224 | Abyss:4  | Gained mutation: Potions are less effective at restoring
                  | your health. [mutagenic glow]
 27253 | Abyss:4  | Gained mutation: You are extremely frail. (-30% HP)
                  | [mutagenic glow]
 27514 | Abyss:4  | Noticed a hellephant
 27531 | Abyss:4  | Killed from afar by a hellephant

Illustrated notes

Levels and vault maps discovered:
D:1:      heliophobic_arrival_enchanted_forest, layout_loops_ring
D:2:      layout_rooms, mrwooster_statue_mirror
D:3:      layout_loops_corners, uniq_jessica
D:4:      layout_basic, minmay_temple_entry_sparse_star, minmay_crystal_room
D:5:      layout_basic, zin_academy, minmay_hedge_maze, uniq_edmund
D:6:      layout_loops_corners, biasface_ghost_orc_armoury, minmay_puff
D:7:      layout_loops_ring, ebering_ghost_xom, minmay_small_thing
D:8:      layout_basic, lair_entry_dummy, serial_glass, glass_columns_b,
          glass_columns_b, glass_columns_b, glass_columns_c, glass_columns_c,
          glass_columns_a, nicolae_ossuary_entry_catacombs
D:9:      layout_basic, bh_walls_and_bars
D:10:     layout_stronghold, orc_0_dummy, gammafunk_ghost_nasty_kobolds,
          hangedman_ranch [blue_anna_fruit_fields], uniq_maurice
D:11:     layout_irregular_city, nrook_mini_vaults, minmay_shattered_shrine
D:12:     layout_loops_cross, uniq_fannar
D:13:     layout_roguey, minivault_1, lemuel_flamethrower_hall
D:14:     layout_loops_corners, erik_vaults_2, enter_bailey_3,
          chequers_serial_rivers_small_3
D:15:     gammafunk_depths_entry_grave, layout_basic, tso_metal_star,
          serial_shops, shop, hangedman_ru_absence
Temple:   minmay_crystal_snake_temple
Lair:1:   layout_regular_city, gauntlet_entry_generic,
          nicolae_quartered_pool_little
Lair:2:   layout_regular_city
Lair:3:   beast_lair_carwin_large_4, layout_long_grid, gammafunk_ghost_grave,
          grunt_megastairs_5
Lair:4:   layout_cave_pods, elwin_shoals_entry_rooms,
          guppyfry_snake_entry_garden, chequers_serial_rivers_micro_e, uniq_urug
Shoals:1: cheibrodos_shoals_three_sisters, layout_shoals, nicolae_alphabet_shops
Shoals:2: cheibrodos_shoals_epimethial_gifts, layout_shoals, ldierk_geyser,
          uniq_ilsuiw, uniq_polyphemus, uniq_louise
Shoals:3: layout_shoals, minmay_shop_mass, uniq_nikola
Shoals:4: shoals_end_hangedman, layout_shoals, uniq_aizul
Snake:1:  cheibrodos_forgotten_conduit, layout_grid_maze, serial_shops,
          shop_fountains, grunt_ministairs_11, st_stairs_4
Snake:2:  layout_basic, serial_shops, shop, minmay_shop_star
Snake:3:  layout_chambers, basic_altar, serial_bayou_shore_b
Snake:4:  snake_pit, layout_misc_corridors, gammafunk_ghost_abyssal_escape,
          drop_trap
Orc:1:    layout_caves, mines1_david
Orc:2:    st_orc_mages, layout_caves
Abyss:4:  base: D:10, evilmike_abyss_rune_ettins, hangedman_glass_garden,
          evilmike_nicolae_abyss_rune_betentacled_crabyss,
          evilmike_nicolae_abyss_rune_betentacled_crabyss,
          evilmike_abyss_exit_16, hangedman_abyss_or_decor_jellyfish_corner,
          dshaligram_kb_abyss_rune_zappy_water_cross, hangedman_summoners_spam,
          evilmike_abyss_rune_elephants_shrine, hangedman_cross_veins,
          nicolae_abyss_rune_left_handed, base: Snake:2, minivault_5,
          evilmike_nicolae_abyss_rune_betentacled_crabyss,
          hangedman_abyss_rune_macabre_mess

Skill      XL: |  1  2  3  4  5  6  7  8  9 10 11 12 13 14 15 16 17 |
---------------+----------------------------------------------------+-----
Axes           | 3 4 5 6 7 9 11 12 14 16 17 18 20 | 20.0
Fighting       | 4 5 6 7 8 9 11 12 13 14 16 18 20 | 20.6
Armour         | 4 5 6 7 8 9 11 12 13 14 15 16 17 | 17.8
Shields        | 4 5 6 7 8 9 11 12 13 14 15 16 17 | 17.8

Action                   |  1- 3 |  4- 6 |  7- 9 | 10-12 | 13-15 | 16-18 || total
-------------------------+-------+-------+-------+-------+-------+-------++-------
Melee: War axe           |    79 |   121 |   251 |   652 |   362 |       ||  1465
       Headbutt          |    12 |    26 |    61 |   174 |   308 |   228 ||   809
       Hand axe          |       |       |       |     6 |       |       ||     6
       Broad axe         |       |       |       |       |   589 |   656 ||  1245
Invok: Sacrifice Artific |       |       |     1 |       |       |       ||     1
       Sacrifice Love    |       |       |     1 |       |       |       ||     1
       Draw Out Power    |       |       |       |     1 |     5 |     5 ||    11
       Sacrifice Nimblen |       |       |       |     1 |       |       ||     1
       Apocalypse        |       |       |       |     4 |     4 |     3 ||    11
       Power Leap        |       |       |       |     1 |       |       ||     1
       Sacrifice Essence |       |       |       |     1 |       |       ||     1
       Sacrifice Stealth |       |       |       |     1 |       |       ||     1
       Sacrifice Arcana  |       |       |       |     1 |       |       ||     1
  Use: Scroll            |       |       |    18 |     5 |    20 |    11 ||    54
       Potion            |       |       |     1 |       |       |     5 ||     6
 Stab: Distracted        |       |       |     2 |     2 |     4 |     1 ||     9
       Confused          |       |       |     1 |       |       |       ||     1
       Invisible         |       |       |       |     5 |     9 |     3 ||    17
       Paralysed         |       |       |       |     9 |     8 |     8 ||    25
Armor: Scale mail        |    16 |       |       |       |       |       ||    16
       Plate armour      |    33 |    57 |    89 |   139 |   252 |    54 ||   624
       Crystal plate arm |       |       |       |       |       |   124 ||   124
Dodge: Dodged            |    17 |    18 |    30 |    64 |    98 |    39 ||   266
Block: Kite shield       |    47 |    58 |   138 |   364 |   598 |     6 ||  1211
       Reflection        |       |       |     1 |    27 |    31 |    90 ||   149
       Tower shield      |       |       |       |       |       |   571 ||   571
